 Dungeon Crawl Stone Soup version 0.30.0-5-g1a98f26d00 (webtiles) character file.

Game seed: 11334467790723764951

49 Revguard the Slasher (level 3, -1/39 (45) HPs)
             Began as a Draconian Reaver on May 12, 2023.
             Succumbed to a goblin's poison
             ... on level 2 of the Dungeon.
             The game lasted 00:04:59 (747 turns).

Revguard the Slasher (Draconian Reaver)              Turns: 747, Time: 00:04:59

HP:   -1/39 (45)    AC: 21    Str: 14    XL:     3   Next: 51%
MP:   6/6           EV:  2    Int: 13    God:
Gold: 30            SH:  0    Dex: 11    Spells: 3/6 levels left

rFire   . . .        a - +0 falchion
rCold   . . .        (no shield)
rNeg    . . .        (body armour unavailable)
rPois   +            (helmet currently unavailable)
rElec   .            (cloak currently unavailable)
rCorr   .            j - melded +0 pair of gloves
SInv    .            (boots currently unavailable)
Will    .....        (no amulet)
Stlth   ++           h - +5 ring of evasion
HPRegen 0.26/turn    (no ring)
MPRegen 0.10/turn

%: no passive effects
@: lethally poisoned (-1 -> -11), tree-form, immotile, heavily drained
A: stationary, stasis, torment immunity, boosted hp, AC +5, unfitting armour,
(cold-blooded)
a: no special abilities


You were on level 2 of the Dungeon.
You were a tree.
You visited 1 branch of the dungeon, and saw 2 of its levels.

You collected 30 gold pieces.

Inventory:

Hand Weapons
 a - a +0 falchion (weapon)
Armour
 j - a +0 pair of gloves (melded)
Jewellery
 d - a +6 ring of intelligence
 h - a +5 ring of evasion (left branch)
Scrolls
 b - 2 scrolls of enchant weapon {unknown}
 c - 3 scrolls of identify {unknown}
 f - a scroll of fog {unknown}
Potions
 e - a potion of magic
 i - a potion of invisibility {unknown}
 k - a potion of curing {unknown}


   Skills:
 + Level 2.5 Fighting
 + Level 3.2 Long Blades
 + Level 2.1 Dodging
 + Level 1.2 Stealth
 + Level 2.3 Spellcasting
 - Level 3.1 Conjurations
 + Level 1.0 Necromancy
 + Level 0.1 Translocations


You had 3 spell levels left.
You knew the following spells:

 Your Spells              Type           Power      Damage    Failure   Level
a - Kiss of Death         Conj/Necr      24%        2d7       11%         1
b - Momentum Strike       Conj/Tloc      10%        3d8       19%         2

Your spell library contained the following spells:

 Spells                   Type           Power      Damage    Failure   Level
 Hailstorm                Conj/Ice       5%         3d4       36%         3


Dungeon Overview and Level Annotations

Branches:
Dungeon (2/15)

Altars:

Annotations:
D:2 Robin


Innate Abilities, Weirdness & Mutations

You are a tree.
Your roots penetrate the ground, keeping you stationary.
You cannot be teleported.
You are immune to unholy pain and torment.
Your maximum health is greatly increased.
Your equipment is partially melded.
((Your plain brown scales are hard. (AC +5)))
You cannot fit into any form of body armour.
((You are cold-blooded and may be slowed by cold attacks.))


Message History

Confirm with . or Enter, or press ? or * to list all spells.
Aiming: Momentum Strike (safe; 19% risk of failure)
Press: ? - help, Dir - move target, f - Robin
Aim: Robin, wielding a +0 trident, wearing a +0 animal skin and wearing a +0 helmet (wandering, hasn't noticed you, 77% to hit)
The concentrated momentum hits Robin!
Robin is heavily wounded.
Robin shouts!
You are unable to move.
You hear a shout! x2
Robin throws the goblin at you!
A goblin comes into view. It is wielding a +0 dagger.
The goblin barely misses you.
A rat comes into view.
You hear a shout!
You barely miss the goblin. You tail-slap the goblin.
The goblin is moderately wounded.
You hear a shout!
Robin roars a battlecry!
The goblins go into a battle-frenzy!
The goblin hits you but does no damage.
The goblin hits you with a +4 dagger of venom.
You are poisoned.
A goblin comes into view. It is wielding a +0 dagger.
The goblin barely misses you. The goblin misses you.
A goblin comes into view. It is wielding a +0 dagger.
You completely miss the goblin.
The goblin shouts!
You tail-slap the goblin, but do no damage.
The goblin is moderately wounded.
You feel very sick.
A goblin comes into view. It is wielding a +0 dagger.
The goblin hits you with a +0 club. The goblin barely misses you.
It was a potion of magic.
Magic courses through your body.
You feel sick. The goblin hits you with a +0 club.
The goblin hits you with a +4 dagger of venom!
* * * LOW HITPOINT WARNING * * *
It was a potion of lignification.
You turn into a tree.
Your +0 pair of gloves melds into your body.
Your roots penetrate the ground.
You die...

#.#####.#
#.......#
#######.#
#.#
#######.#
........#
#######)#
#.# #♣#


#ggggggg. ..###g##. ##.. #.# #.# #.# #.# You could see a hobgoblin (strong) and
7 goblins.

Vanquished Creatures
  2 adders (D:2)
  A dart slug (D:1)
  2 bats (D:2)
  2 endoplasms
  2 giant cockroaches (D:1)
  6 goblins
  A hobgoblin (D:1)
  3 jackals (D:2)
  A quokka (D:1)
  2 ball pythons (D:1)
  A frilled lizard (D:1)
  A kobold (D:1)
  A rat (D:1)
25 creatures vanquished.

Notes
Turn   | Place    | Note
-------+----------+-------------------------------------------
     0 | D:1      | Revguard the Draconian Reaver began the quest for the Orb.
     0 | D:1      | Reached XP level 1. HP: 17/17 MP: 3/3
   242 | D:1      | Reached XP level 2. HP: 22/24 MP: 5/5
   245 | D:1      | Learned a level 2 spell: Momentum Strike
   450 | D:1      | You fall into a shaft and drop 1 floor!
   487 | D:2      | Reached skill level 1 in Stealth
   555 | D:2      | Reached XP level 3. HP: 29/30 MP: 6/6
   700 | D:2      | Reached skill level 1 in Necromancy
   742 | D:2      | Noticed Robin
   746 | D:2      | HP: 1/26 [goblin/+4 dagger of venom[Robin] (7)]
   747 | D:2      | Succumbed to a goblin's poison

Illustrated notes

Levels and vault maps discovered:
D:1:      tarquinn_simple_flora_water_e, layout_rooms
D:2:      layout_loops_ring, minmay_tree_intersection, minmay_misc_feat_tiny,
          kennysheep_crisscross, uniq_robin, uniq_jessica

Skill      XL: |  1  2  3 |
---------------+----------+-----
Dodging        | 2 |  2.1
Stealth        | 1 |  1.2
Necromancy     | 1 |  1.0
Fighting       | |  2.5
Long Blades    | |  3.2
Spellcasting   | |  2.3
Conjurations   | |  3.1
Translocations | |  0.1

Action                     || total
---------------------------++-------
  Melee: Falchion          ||    67
         Tailslap          ||    11
   Cast: Kiss of Death     ||     2
         Momentum Strike   ||     9
    Use: Potion            ||     2
 Armour: Skin              ||    38
  Dodge: Dodged            ||    71
